 Dungeon Crawl Stone Soup version 0.29-a0-298-g3c90f9a769 (webtiles) character file.

Game seed: 11581301222977595524

7 HotDog the Shield-Bearer (level 2, -3/19 HPs)
             Began as a Gargoyle Fighter on Mar 23, 2022.
             Slain by Terence
             ... wielding a +0 mace
              (7 damage)
             ... on level 2 of the Dungeon.
             The game lasted 00:00:17 (103 turns).

HotDog the Shield-Bearer (Gargoyle Fighter)          Turns: 103, Time: 00:00:18

Health: -3/19      AC:  9    Str: 19    XL:     2   Next: 4%
Magic:  2/2        EV:  9    Int:  8    God:
Gold:   0          SH:  4    Dex:  9    Spells: 1/1 levels left

rFire   . . .      SeeInvis .   a - +0 flail
rCold   . . .      Faith    .   c - +0 buckler
rNeg    + . .      Spirit   .   b - +0 scale mail
rPois   ∞          Reflect  .   (no helmet)
rElec   +          Harm     .   (no cloak)
rCorr   .          Rampage  .   (no gloves)
Will    .....                   (no boots)
Stlth   ..........              (no amulet)
HPRegen 0.06/turn               (no ring)
MPRegen 0.08/turn               (no ring)

@: no status effects
A: sickness immunity, AC +2, negative energy resistance 1, electricity
resistance, torment resistance 1, petrification resistance
a: no special abilities


You were on level 2 of the Dungeon.
You visited 1 branch of the dungeon, and saw 2 of its levels.

Inventory:

Hand Weapons
 a - a +0 flail (weapon)
Armour
 b - a +0 scale mail (worn)
 c - a +0 buckler (worn)
Scrolls
 e - a scroll of acquirement {unknown}
Potions
 d - a potion of might


   Skills:
 * Level 3.4 Fighting
 * Level 2.1 Maces & Flails
 * Level 3.3 Armour
 * Level 0.1 Dodging
 * Level 3.4 Shields
 * Level 0.4 Invocations


You had one spell level left.
You didn't know any spells.
Your spell library contained the following spells:

 Spells                   Type           Power      Damage    Failure   Level
 Animate Skeleton         Necr           0%         N/A       86%         1
 Pain                     Necr           0%         1d4       86%         1
 Wereblood                Tmut           0%         N/A       95%         2
 Conjure Flame            Conj/Fire      0%         6-21      99%         3
 Ignite Poison            Fire/Tmut/Pois 0%         N/A       99%         3
 Vampiric Draining        Necr           0%         2d6       99%         3
 Sticky Flame             Conj/Fire      0%         2d3       100%        4
 Summon Hydra             Summ           0%         N/A       100%        7
 Sublimation of Blood     Necr           Unusable   N/A       N/A         2

Dungeon Overview and Level Annotations

Branches:
Dungeon (1/15)

Altars:

Annotations:
D:2 Terence


Innate Abilities, Weirdness & Mutations

You are immune to sickness and miasma.
Your stone body is resilient. (AC +2)
You are immune to poison.
You resist negative energy. (rN+)
You are resistant to electric shocks. (rElec)
You are resistant to unholy torment.
You are immune to petrification.


Message History

You block the kobold's attack. The kobold hits you but does no damage.
You sock the kobold!
You kill the kobold!
The worm closely misses you.
A worm is nearby!
You barely miss the worm.
Terence the Incautious comes into view.
He is wielding a +0 mace.
The worm bites you.
There are monsters nearby!
You thump the worm!
The worm is moderately wounded.
There are monsters nearby!
There are monsters nearby!
You sock the worm!
The worm is almost dead.
You block the worm's attack. Terence hits you but does no damage.
You hit the worm.
You kill the worm!
Terence says, "How do you enjoy it?" Terence closely misses you.
You have reached level 2!
Found a stone staircase leading down.
You see here a worm corpse.
You barely miss Terence. Terence hits you with a +0 mace.
You block Terence's attack.
You barely miss Terence.
Terence says, "You're history."
You block Terence's attack.
You hit Terence but do no damage. Terence closely misses you.
You hit Terence but do no damage. Terence hits you with a +0 mace.
Terence hits you but does no damage.
You closely miss Terence. Terence hits you with a +0 mace.
* * * LOW HITPOINT WARNING * * *
You hit Terence but do no damage. Terence hits you with a +0 mace.
* * * LOW HITPOINT WARNING * * *
Terence completely misses you.
You sock Terence!
Terence is moderately wounded.
Terence hits you with a +0 mace!
You die...

##.###########.#+
.....$.........>.
#....@@.#
#....)..........
###.#####.#.....
# ....... .......
....... .#....#
.#.#..


You could see Terence.

Vanquished Creatures
  A worm (D:2)
  A hobgoblin (D:1)
  A quokka (D:1)
  A frilled lizard (D:1)
  A kobold (D:2)
5 creatures vanquished.

Notes
Turn   | Place    | Note
-------+----------+-------------------------------------------
     0 | D:1      | HotDog the Gargoyle Fighter began the quest for the Orb.
     0 | D:1      | Reached XP level 1. HP: 14/14 MP: 1/1
    86 | D:1      | You fall into a shaft and drop 1 floor!
    91 | D:2      | Noticed Terence
    95 | D:2      | Reached XP level 2. HP: 13/19 MP: 2/2
   103 | D:2      | Slain by Terence

Illustrated notes

Levels and vault maps discovered:
D:1:      saegor_arrival_miasma, layout_rooms
D:2:      layout_basic, basic_altar, uniq_terence, uniq_natasha

Action                   || total
-------------------------++-------
Melee: Flail             ||    24
Armor: Scale mail        ||     8
Dodge: Dodged            ||     8
Block: Buckler           ||     7

Table legend: (Time is in decaauts)
 A = Elapsed time spent in this place.
 B = Non-inter-level travel time spent in this place.
 C = Inter-level travel time spent in this place.
 D = Time resting spent in this place.
 E = Time spent auto-exploring this place.
 F = Levels seen in this place.
 G = Mean time per level.
                   A        B        C        D        E       F      G
               +--------+--------+--------+--------+--------+-----+--------+
         Total |    111 |    111 |      0 |      0 |     62 |   2 |   55.5 |
       Dungeon |    111 |    111 |      0 |      0 |     62 |   2 |   55.5 |
               +--------+--------+--------+--------+--------+-----+--------+

Top non-repeatable levels by time:
     D:1: 89 daAuts
     D:2: 21 daAuts
